Map: Royal Blood LE

Players

jpn

  • Race: Zerg Zerg
  • League: Diamond
  • Spawn Location: 1:00

Bherd - Winner!

  • Race: Protoss Protoss
  • League: Platinum
  • Spawn Location: 7:00

VOD

Have the link to the VOD?

Description

1 oracle left vs 2 base proxy hatch. Best ending ever

Time

  • Played on: Jan. 30, 2023, 2:11 p.m.
  • Length: 10:12
Show
View Real Time Build Order
Export as new Build Order

jpn Zerg 

Build Orders: Hatch First 

Get SALT Encoding   

  12  0:04  Drone  
  13  0:11  Drone  
  14  0:42  Hatchery  
  13  0:52  Spawning Pool  
  13  0:55  Drone  
  13  0:59  Drone  
  14  1:05  Extractor  
  14  1:06  Drone  
  14  1:14  Overlord  
  14  1:39  Zergling x4  
  16  1:42  Zergling x2  
  17  1:53  Queen  
  19  1:55  Zergling x2  
  20  2:03  Zergling x4  
  22  2:16  Drone  
  22  2:20  Zergling x2  
  22  2:39  Spine Crawler  
  22  2:41  Spine Crawler  
  20  3:05  Spine Crawler  
  19  3:32  Spine Crawler  
  7  4:09  Queen  
  8  4:22  Drone x3  
  11  4:36  Drone  
  10  4:57  Drone  
  10  5:11  Drone  
  11  5:14  Drone  
  10  5:49  Queen  
  12  5:55  Drone  
  4  6:26  Drone x2  
  6  7:13  Spore Crawler  
  1  8:04  Drone  
Show
View Real Time Build Order
Export as new Build Order

Bherd Protoss - Winner!

Build Orders: Oracle Opening 

Get SALT Encoding   

  12  0:00  Probe  
  13  0:12  Probe  
  14  0:18  Pylon  
  14  0:26  Probe  
  15  0:38  Probe  
  15  0:40  Gateway  
  16  0:50  Assimilator, Probe (Chrono Boost)  
  17  1:02  Probe (Chrono Boost)  
  18  1:04  Assimilator  
  18  1:10  Probe (Chrono Boost)  
  19  1:16  Probe  
  20  1:28  Cybernetics Core  
  20  1:29  Zealot  
  22  1:34  Pylon  
  22  1:37  Probe  
  23  1:52  Probe  
  24  1:55  Gateway  
  24  2:11  Stargate  
  23  2:38  Pylon  
  23  2:47  Pylon  
  23  2:57  Oracle  
  24  3:34  Pylon  
  22  4:00  Oracle (Chrono Boost)  
  8  5:04  Nexus  
Tags
 
Add a new tag
Caveats
  • Supply blocks, unpowered buildings, or Contaminate may cause inaccurate times.
  • Supply counts are checked every 10 seconds.